 Dungeon Crawl Stone Soup version 0.25.1-2-g60ff931df9 (webtiles) character file.

Game seed: 7790573187115176499

80 Martska the Grasshopper (level 4, -1/40 HPs)
             Began as a Naga Warper on Aug 22, 2020.
             Killed from afar by Sigmund (11 damage)
             ... with a puff of flame
             ... on level 4 of the Dungeon.
             The game lasted 00:03:27 (2945 turns).

Martska the Grasshopper (Naga Warper)               Turns: 2945, Time: 00:03:28

Health: -1/40      AC:  3    Str: 14    XL:     4   Next: 39%
Magic:  7/7        EV:  9    Int: 14    God:
Gold:   78         SH:  0    Dex: 10    Spells: 7/7 levels left

rFire    . . .     SeeInvis +   a - +0 spear
rCold    . . .     Gourm    .   (no shield)
rNeg     . . .     Faith    .   b - +0 leather armour
rPois    +         Spirit   .   (no helmet)
rElec    .         Reflect  .   (no cloak)
rCorr    .         Harm     .   (no gloves)
MR       .....                  (no barding)
Stlth    +.........             (no amulet)
HPRegen  0.13/turn              (no ring)
MPRegen  0.10/turn              (no ring)

@: very slow
A: large, see invisible, deformed body, poison resistance, slowness 2, slow
metabolism 1, spit poison 1, AC +1
a: Spit Poison


You were on level 4 of the Dungeon.
You were not hungry.

You visited 1 branch of the dungeon, and saw 4 of its levels.

You collected 78 gold pieces.

Inventory:

Hand Weapons
 a - a +0 spear (weapon)
 l - a +0 halberd
Missiles
 e - 5 boomerangs of dispersal (quivered)
Armour
 b - a +0 leather armour (worn)
Scrolls
 d - a scroll of blinking
 g - 2 scrolls of remove curse
 h - 3 scrolls of magic mapping
 j - 2 scrolls of identify {unknown}
 m - 2 scrolls of amnesia {unknown}
Potions
 c - a potion of berserk rage {unknown}
 k - 2 potions of haste {unknown}
 n - 2 potions of flight {unknown}
Comestibles
 f - 4 rations
 o - a chunk of flesh


   Skills:
 * Level 2.9 Fighting
 * Level 2.9 Polearms
 - Level 0.8 Throwing
 + Level 1.3 Armour
 + Level 2.0 Dodging
 + Level 2.4 Spellcasting
   Level 3.0 Translocations


You had 7 spell levels left.
You didn't know any spells.
Your spell library contained the following spells:

 Spells                   Type           Power        Failure   Level  Hunger
 Blink                    Tloc           N/A          12%         2    ###....
 Shroud of Golubria       Chrm/Tloc      #.....       22%         2    ###....
 Gell's Gravitas          Tloc           ##........   24%         3    ###....
 Lesser Beckoning         Tloc           ##........   24%         3    ###....
 Teleport Other           Tloc           ##......     24%         3    ###....
 Passage of Golubria      Tloc           N/A          63%         4    #####..


Dungeon Overview and Level Annotations

Branches:
Dungeon (5/15)
 Temple: D:4-7

Altars:
Makhleb

Annotations:
D:4 Natasha, Sigmund


Innate Abilities, Weirdness & Mutations

You cannot wear boots.
Your serpentine skin is tough. (AC +1)
You have supernaturally acute eyesight. (SInv)
Armour fits poorly on your strangely shaped body.
Your system is resistant to poisons. (rPois)
You cover ground very slowly.
You have a slow metabolism.
You can spit poison.


Message History

Okay, then.
As you read the scroll of teleportation, it crumbles to dust.
You feel strangely unstable. Natasha casts a spell at you.
You resist with some effort. Natasha casts a spell at you.
The magic dart hits you.
* * * LOW HITPOINT WARNING * * *
Natasha claws you but does no damage.
Your surroundings suddenly seem different.
An orc comes into view. It is wielding a +0 club.
The orc shouts!
You hear a shout!
A jackal skeleton comes into view.
The jackal skeleton barely misses you.
The orc moves out of view.
You hear an angry hiss.
Found 20 bolts.
Sigmund shouts!
Sigmund points at you and mumbles some strange words.
The puff of flame hits you!
You die...

.........#..##.......,,,,,,,***,,
............##......,,,,,,,,,*,,,
..###...##.#...(...,,,,,,,**,,,,,
..#*##.....#......##,,*,******,,,
....,,.#...........#*,#,**** **,,
#......##..........*#.#,,,,***,,,
#.....#*#.....Z..#,..,,,,,,,,,,,,
..#....##........#.#,,,,,,,,,,,,,
..#.............@..#*,,,,,,,,,,,,
,....#.#.#..............,,,,,,,,,
,,,,,***,###............,,,**,,,,
,,,*****,..#.....#....≈#*,*****,,
,,,*,**,,.....#..#...≈≈.***,,≈***
,,,,,,,,,.....#...#..#.≈**,,,,,**
,,,,,,,,,............#,≈*≈,≈*≈≈**
,,,,,,,,,.......@#...#,≈*≈≈≈*≈,**
,,,,,,,,,........#...#≈≈*≈,≈*≈≈*,


You could see Sigmund and a jackal skeleton.

Vanquished Creatures
  2 adders (D:2)
  A gnoll (D:1)
  An ooze (D:1)
  2 worms (D:2)
  2 leopard geckos (D:1)
  3 giant cockroaches
  5 goblins
  4 hobgoblins
  4 jackals (D:1)
  4 kobolds
  A quokka (D:2)
  5 bats
  A frilled lizard (D:1)
  2 rats
37 creatures vanquished.

Notes
Turn   | Place    | Note
-------+----------+-------------------------------------------
     0 | D:1      | Martska the Naga Warper began the quest for the Orb.
     0 | D:1      | Reached XP level 1. HP: 19/19 MP: 3/3
   223 | D:1      | Reached XP level 2. HP: 1/26 MP: 5/5
   641 | D:1      | Reached skill level 1 in Armour
   969 | D:1      | Reached XP level 3. HP: 31/33 MP: 6/6
  1940 | D:2      | Found a faded altar of an unknown god.
  2324 | D:2      | Reached XP level 4. HP: 24/40 MP: 7/7
  2550 | D:2      | Found a burning altar of Makhleb.
  2921 | D:2      | You fall into a shaft and drop 2 floors!
  2921 | D:4      | Noticed Sigmund
  2927 | D:4      | Noticed Natasha
  2938 | D:5      | Entered Level 5 of the Dungeon
  2945 | D:4      | Killed from afar by Sigmund

Illustrated notes

Levels and vault maps discovered:
D:1:      shiori_arrival_oz, layout_loops_ring
D:2:      layout_basic, old_standard_altar,
          chequers_ecumenical_altar_simple_redux,
          hangedman_decor_clover_reticule
D:4:      layout_cave_pools, enter_ossuary_5, gup_sewer_entry_pipe,
          uniq_sigmund, uniq_natasha
D:5:      layout_cave_pools, grunt_temple_overflow_open, first_ration

Skill      XL: |  1  2  3  4 |
---------------+-------------+-----
Armour         | 1 |  1.3
Dodging        | 2 |  2.0
Fighting       | |  2.9
Polearms       | |  2.9
Throwing       | |  0.8
Spellcasting   | |  2.4
Translocations | |  3.0

Action                   |  1- 3 |  4- 6 || total
-------------------------+-------+-------++-------
Melee: Spear             |   143 |    45 ||   188
 Abil: Spit Poison       |     7 |     4 ||    11
  Use: Scroll            |       |     4 ||     4
  Eat: Chunk             |     3 |     2 ||     5
Armor: Leather armour    |    31 |    13 ||    44
Dodge: Dodged            |    67 |    20 ||    87
